 Dungeon Crawl Stone Soup version 0.31.0-11-ge490571c62 (webtiles) character file.

Game seed: 8683753667932870783

457 Gadfly the Insei (level 6, -2/44 (47) HPs)
             Began as a Demonspawn Monk on Feb 2, 2024.
             Slain by a wight
             ... wielding a +0 dagger
              (7 damage)
             ... on level 4 of the Dungeon.
             The game lasted 00:05:06 (3403 turns).

Gadfly the Insei (Demonspawn Monk)                  Turns: 3403, Time: 00:05:07

HP:   -2/44 (47)    AC:  5    Str: 14      XL:     6   Next: 77%
MP:   6/6           EV: 13    Int:  8 (10) God:
Gold: 1194          SH:  0    Dex: 15      Spells: 3/5 levels left

rFire   . .          .
                       - Unarmed
rCold   . . .        (no shield)
rNeg    . . .        t - +2 leather armour {rPois}
rPois   +            (helmet currently unavailable)
rElec   .            (cloak currently unavailable)
rCorr   .            (gloves currently unavailable)
SInv    .            d - melded +0 pair of boots
Will    .....        r - amulet of faith
Stlth   +            (no ring)
HPRegen 0.27/turn    (no ring)
MPRegen 0.10/turn

%: faith
@: beast-form, drained
A: beast (slay +1), horns 2, powered by death 1
a: Begin Untransformation


You were on level 4 of the Dungeon.
You were a hulking beast.
You visited 1 branch of the dungeon, and saw 4 of its levels.

You collected 1194 gold pieces.

Inventory:

Hand Weapons
 i - a +2 heavy hand axe
 k - a +0 dagger of speed
Armour
 a - a +0 robe
 c - an orb of light
 d - a +0 pair of boots (melded)
 t - a +2 leather armour of poison resistance (worn)
Jewellery
 r - an amulet of faith (around neck)
Talismans
 j - a beast talisman (active)
 p - a flux talisman
Wands
 b - a wand of roots (15)
 g - a wand of charming (2)
Scrolls
 l - 2 scrolls of teleportation
 m - a scroll of blinking
 n - 2 scrolls of poison
 q - 2 scrolls of revelation
 u - a scroll of identify
Potions
 e - a potion of curing
 f - a potion of resistance
 h - a potion of invisibility {unknown}
 o - a potion of lignification
 s - a potion of enlightenment


   Skills:
 + Level 3.2 Fighting
 + Level 3.6 Dodging
 * Level 4.2 Unarmed Combat
 * Level 3.5 Evocations
 * Level 2.8 Shapeshifting


You had 3 spell levels left.
You knew the following spells:

 Your Spells              Type           Power      Damage    Failure   Level
a - Blink                 Tloc           0%         N/A       63%         2

Your spell library contained the following spells:

 Spells                   Type           Power      Damage    Failure   Level
 Lesser Beckoning         Tloc           0%         N/A       63%         2
 Momentum Strike          Conj/Tloc      0%         3d8       63%         2
 Gell's Gravitas          Tloc           0%         N/A       86%         3
 Teleport Other           Tloc           0%         N/A       86%         3
 Leda's Liquefaction      Alch/Erth      0%         N/A       99%         4
 Lee's Rapid Deconstruct  Erth           0%         3d4*      100%        5
 Bombard                  Conj/Erth      0%         9d1       100%        6


Dungeon Overview and Level Annotations

Branches:
Dungeon (4/15)
 Temple: D:4-7

Altars:
Cheibriados
Hepliaklqana


Innate Abilities, Weirdness & Mutations

You are a hulking beast.
Your limbs bulge with bestial killing power. (Slay +1)
You have a pair of horns on your head.
You regenerate a little health from kills.


Message History

There is an open door here.
You open the door.
There is an open door here. 2 wights come into view.
Found a black potion and a scroll of identify.
There are monsters nearby!
A dart slug comes into view. 3 wights come into view.
A wight is wielding a +2 scimitar of freezing.
The wight barely misses you. The wight misses you.
You hit the wight. You headbutt the wight.
The wight is moderately damaged.
The wight hits you with a +0 trident!
You feel drained. The wight misses you.
You closely miss the wight. Your headbutt misses the wight.
The wight is moderately damaged.
The wight hits you with a +0 trident.
You feel drained. The wight barely misses you.
You closely miss the wight.
The wight is moderately damaged.
The wight hits you with a +2 morningstar!
* * * LOW HITPOINT WARNING * * *
You are too injured to fight recklessly!
You are too injured to fight recklessly!
You are too injured to fight recklessly!
You are too injured to fight recklessly!
You are too injured to fight recklessly!
You are too injured to fight recklessly!
You are too injured to fight recklessly!
You are too injured to fight recklessly!
You are too injured to fight recklessly!
You are too injured to fight recklessly!
You are too injured to fight recklessly!
You are too injured to fight recklessly!
You are too injured to fight recklessly!
Unknown command.
The wight closely misses you.
The wight hits you from afar with a +0 trident.
* * * LOW HITPOINT WARNING * * *
The wight hits you with a +0 dagger!
You die...

..........#.........#
..........#.........####
........?.........†....##
..........#........###..##
#..!......#........####...
#.....wzz.#########....>..
#.......z.................
#......zz.###.#####.......
#........h#.....###......)
######.###.......###....##
#. #..........>.#.## #.
#..........###.# #.
#..........# #.# #
#.##..........###.###
#..#............#.##.
#.##.<..............
#.....).[...#####...


You could see 5 wights and a dart slug.

Vanquished Creatures
  Sigmund (D:2)
  A water moccasin (D:4)
  A sleepcap (D:4)
  Terence (D:2)
  4 gnolls (D:2)
  3 adders
  5 ribbon worms
  2 dart slugs (D:2)
  3 orcs (D:3)
  9 ball pythons
  5 bats
  An endoplasm (D:2)
  3 giant cockroaches
  5 hobgoblins
  7 jackals (D:1)
  A quokka (D:1)
  3 frilled lizards
  6 goblins
  6 kobolds
  5 rats
72 creatures vanquished.

Notes
Turn   | Place    | Note
-------+----------+-------------------------------------------
     0 | D:1      | Gadfly the Demonspawn Monk began the quest for the Orb.
     0 | D:1      | Reached XP level 1. HP: 18/18 MP: 1/1
   158 | D:1      | Gained mutation: You regenerate a little health from kills.
                  | [demonic ancestry]
   158 | D:1      | Reached XP level 2. HP: 24/24 MP: 2/2
   239 | D:1      | Reached skill level 1 in Evocations
   324 | D:1      | Reached skill level 3 in Unarmed Combat
   454 | D:1      | Reached skill level 1 in Shapeshifting
   459 | D:1      | Gained mutation: You have a pair of small horns on your
                  | head. [demonic ancestry]
   459 | D:1      | Reached XP level 3. HP: 29/29 MP: 3/3
   650 | D:1      | Found a faded altar of an unknown god.
   869 | D:2      | Reached XP level 4. HP: 28/35 MP: 4/4
  1055 | D:2      | Noticed Terence
  1072 | D:2      | Killed Terence
  1198 | D:2      | Learned a level 2 spell: Blink
  1368 | D:2      | Found a hazy altar of Hepliaklqana.
  1384 | D:2      | Noticed Sigmund
  1396 | D:2      | HP: 1/35 [something (4)]
  1410 | D:2      | Killed Sigmund
  1411 | D:2      | Reached skill level 4 in Unarmed Combat
  1411 | D:2      | Gained mutation: You have a pair of horns on your head.
                  | [demonic ancestry]
  1411 | D:2      | Reached XP level 5. HP: 7/41 MP: 5/5
  1411 | D:2      | Reached XP level 6. HP: 8/47 MP: 6/6
  2680 | D:3      | Identified a scroll of acquirement
  2680 | D:3      | Acquired 921 gold pieces
  2871 | D:4      | Noticed a water moccasin
  2892 | D:4      | Killed a water moccasin
  3089 | D:4      | Found a snail-covered altar of Cheibriados.
  3403 | D:4      | Slain by a wight

Illustrated notes

Levels and vault maps discovered:
D:1:      amcnicky_arrival_gap_in_the_tavern_cellar, layout_basic,
          shapermc_ecumenical_altar_venn
D:2:      layout_loops_ring, basic_altar, grunt_decor_clamped,
          kennysheep_generic_room_12, uniq_terence, uniq_sigmund
D:3:      layout_basic, minmay_misc_feat_secret_circle, kennysheep_pointless_box
D:4:      layout_rooms, mainiacjoe_overflow_24_doors, cheibriados_altar_1

Skill      XL: |  1  2  3  4 |
---------------+-------------+-----
Evocations     | 1 3 |  3.5
Unarmed Combat | 3 4 |  4.2
Shapeshifting  | 1 2 |  2.8
Dodging        | 3 |  3.6
Fighting       | |  3.2

Action                     |  1- 3 |  4- 6 || total
---------------------------+-------+-------++-------
  Melee: Unarmed           |   112 |   143 ||   255
         Headbutt          |     6 |    31 ||    37
         Punch             |       |     3 ||     3
    Use: Scroll            |     4 |     6 ||    10
         Potion            |       |     8 ||     8
   Stab: Distracted        |       |     1 ||     1
         Sleeping          |       |     1 ||     1
 Armour: Robe              |    46 |    35 ||    81
         Skin              |       |     5 ||     5
         Leather armour    |       |    33 ||    33
  Dodge: Dodged            |    78 |    75 ||   153
   Form: Beast             |       |     1 ||     1
